 Dungeon Crawl Stone Soup version 0.29.0-4-gdea44cf6ec (webtiles) character file.

Game seed: 676279226618562907

219 qw the Chopper (level 5, -3/30 HPs)
             Began as a Tengu Warper on Aug 28, 2022.
             Splashed by a jelly's acid (7 damage)
             ... on level 3 of the Dungeon.
             The game lasted 00:00:19 (2684 turns).

qw the Chopper (Tengu Warper)                       Turns: 2684, Time: 00:00:19

Health: -3/30      AC: -4    Str: 13    XL:     5   Next: 96%
Magic:  9/9        EV:  7    Int: 13    God:
Gold:   236        SH:  0    Dex: 14    Spells: 8/8 levels left

rFire   . . .      SeeInvis .   Y - +1 hand axe
rCold   . . .      Faith    .   (no shield)
rNeg    . . .      Spirit   .   q - +0 chain mail
rPois   .          Reflect  .   (helmet restricted)
rElec   .          Harm     .   l - +1 cloak
rCorr   .          Rampage  .   b - +0 pair of gloves
Will    .....                   (boots unavailable)
Stlth   ..........              i - amulet of regeneration
HPRegen 0.90/turn               (no ring)
MPRegen 0.11/turn               (no ring)

@: about to teleport, corroded, flying quickly and evasively, quick
A: beak, talons 3, nimble flight
a: no special abilities


You were on level 3 of the Dungeon.
You visited 1 branch of the dungeon, and saw 3 of its levels.

You collected 236 gold pieces.


Innate Abilities, Weirdness & Mutations

You have a beak for a mouth.
You have claws for feet.
Your magical nature lets you fly swiftly and evasively.


   Skills:
 - Level 2.0 Fighting
 + Level 6.3 Axes
 - Level 1.0 Throwing
 - Level 2.0 Armour
 - Level 2.1 Dodging
 - Level 2.0 Spellcasting
 - Level 2.4 Translocations


You had 8 spell levels left.
You didn't know any spells.
Your spell library contained the following spells:

 Spells                   Type           Power      Damage    Failure   Level
 Blink                    Tloc           14%        N/A       99%         2
 Gell's Gravitas          Tloc           7%         N/A       100%        3
 Lesser Beckoning         Tloc           7%         N/A       100%        3
 Teleport Other           Tloc           7%         N/A       100%        3
 Manifold Assault         Tloc           7%         N/A       100%        5

Inventory:

Hand Weapons
 d - a +0 whip
 Y - a +1 hand axe (weapon)
Armour
 b - a +0 pair of gloves (worn)
 l - a +1 cloak (worn)
 q - a +0 chain mail (worn)
Jewellery
 i - an amulet of regeneration (around neck)
Scrolls
 a - a scroll of identify
 c - a scroll of summoning {unknown}
 e - a scroll of teleportation
Potions
 f - a potion of curing
 g - a potion of attraction {unknown}
 j - a potion of heal wounds
 k - 3 potions of haste
 p - a potion of brilliance {unknown}

Dungeon Overview and Level Annotations

Branches:
Dungeon (3/15)

Altars:

Shops:
D:1 *


Message History

The kobold hits you but does no damage.
You barely miss the kobold. You claw the kobold.
You kill the kobold!
A rat comes into view.
You barely miss the jelly. You peck the jelly.
The jelly is moderately wounded.
The jelly closely misses you.
You hit the jelly. The acid corrodes you!
Your hands burn!
You claw the jelly. You peck the jelly, but do no damage.
The jelly is heavily wounded.
You hit the kobold.
You kill the kobold!
The jelly hits you but does no damage.
You hit the jelly but do no damage. The acid corrodes you!
Your hands burn!
You claw the jelly, but do no damage.
The jelly is heavily wounded.
The jelly closely misses you.
You hit the jelly. The acid corrodes you!
Your hands burn!
You peck the jelly, but do no damage.
The jelly is almost dead.
The jelly barely misses you.
You hit the jelly but do no damage. The acid corrodes you!
Your hands burn!
You claw the jelly, but do no damage.
The jelly is almost dead.
The jelly hits you. The acid corrodes you!
You are splashed with acid.
2682 ||| READING 2 scrolls of teleportation.
As you read the scroll of teleportation, it crumbles to dust.
You feel strangely unstable. The jelly completely misses you.
The rat bites you.
You hit the jelly but do no damage.
Your hands burn!
You claw the jelly, but do no damage. You peck the jelly, but do no damage.
The jelly is almost dead.
You barely miss the rat. The jelly completely misses you. The rat bites you.
You hit the jelly but do no damage.
Your hands burn!
You claw the jelly, but do no damage. You punch the jelly.
The jelly is almost dead.
You barely miss the rat. The rat barely misses you. The jelly hits you.
You are splashed with acid!
You die...

#.# #.# #.#
#..
###.###.####
...........#
........##.#
.#####..##.#
#..##.#
#..##.#
...##@#
#....Jr)......
#...........##
##......#####
##.##.## ..
#.# .. ..# ###
###


You could see a jelly and a rat.

Vanquished Creatures
  A black bear (D:2)
  2 adders (D:3)
  A gnoll (D:1)
  A worm (D:2)
  A dart slug (D:1)
  2 orcs (D:3)
  11 ball pythons
  7 endoplasms
  4 giant cockroaches
  4 goblins
  7 hobgoblins
  9 jackals
  7 quokkas
  4 bats
  4 frilled lizards
  10 kobolds
  8 rats
83 creatures vanquished.

Notes
Turn   | Place    | Note
-------+----------+-------------------------------------------
     0 | D:1      | qw the Tengu Warper began the quest for the Orb.
     0 | D:1      | Reached XP level 1. HP: 12/12 MP: 4/4
     0 | D:1      | 0 ||| qw: Version: 0.1-a-89-g26bdef1
     0 | D:1      | 0 ||| qw: Game counter: 2773
     0 | D:1      | 0 ||| qw: Always use a shield: true
     0 | D:1      | 0 ||| qw: God list: Okawaru
     0 | D:1      | 0 ||| qw: Allow faded altars: false
     0 | D:1      | 0 ||| qw: Do Orc after D:15 true
     0 | D:1      | 0 ||| qw: Do second Lair branch before Depths: true
     0 | D:1      | 0 ||| qw: Lair rune preference: random
     0 | D:1      | 0 ||| qw: Plans: Normal
     0 | D:1      | 0 ||| PLANNING D:1-11
   215 | D:1      | Reached XP level 2. HP: 15/17 MP: 6/6
   218 | D:1      | Reached skill level 3 in Axes
   519 | D:1      | 519 ||| UPGRADING to +0 leather armour of cold resistance.
   569 | D:1      | 569 ||| DROPPING +0 leather armour.
   572 | D:1      | 572 ||| UPGRADING to +0 pair of gloves.
   585 | D:1      | 585 ||| READING scroll labelled PAF JYSUOCW.
   586 | D:1      | 586 ||| READING scroll labelled PARAIT PUYKE.
   587 | D:1      | 587 ||| READING scroll labelled SENY YDGHIMAKU.
   600 | D:1      | Reached XP level 3. HP: 21/21 MP: 7/7
   625 | D:1      | Found a faded altar of an unknown god.
   807 | D:1      | 807 ||| Stepping ~*~*~tactically~*~*~ (stealth).
   810 | D:1      | Reached skill level 4 in Axes
   824 | D:1      | 824 ||| Stepping ~*~*~tactically~*~*~ (stealth).
   827 | D:1      | 827 ||| Stepping ~*~*~tactically~*~*~ (stealth).
   831 | D:1      | 831 ||| Stepping ~*~*~tactically~*~*~ (stealth).
   832 | D:1      | 832 ||| Stepping ~*~*~tactically~*~*~ (stealth).
   835 | D:1      | 835 ||| Stepping ~*~*~tactically~*~*~ (stealth).
   844 | D:1      | 844 ||| Stepping ~*~*~tactically~*~*~ (stealth).
   846 | D:1      | 846 ||| Stepping ~*~*~tactically~*~*~ (stealth).
   857 | D:1      | 857 ||| Stepping ~*~*~tactically~*~*~ (stealth).
   860 | D:1      | 860 ||| UPGRADING to +0 ring mail.
   862 | D:1      | 862 ||| Stepping ~*~*~tactically~*~*~ (stealth).
   872 | D:1      | 872 ||| UPGRADING to +0 ring mail.
   971 | D:1      | 971 ||| DROPPING +0 leather armour of cold resistance.
   972 | D:1      | 972 ||| DROPPING +0 club.
   993 | D:1      | 993 ||| Stepping ~*~*~tactically~*~*~ (stealth).
  1087 | D:1      | Found Riphueg's General Store.
  1096 | D:1      | 1096 ||| SHOPLISTING +1 chain mail of poison resistance
                  | (148 gold, have 34).
  1096 | D:1      | 1096 ||| SHOPLISTING potion of mutation (88 gold, have 34).
  1368 | D:1      | 1368 ||| UPGRADING to +1 cloak.
  1445 | D:1      | 1445 ||| Stepping ~*~*~tactically~*~*~ (stealth).
  1448 | D:1      | 1448 ||| Stepping ~*~*~tactically~*~*~ (stealth).
  1449 | D:1      | 1449 ||| Stepping ~*~*~tactically~*~*~ (stealth).
  1528 | D:1      | 1528 ||| UPGRADING to amulet of regeneration.
  1533 | D:1      | 1533 ||| READING scroll labelled NUBOYX DAOLIRE.
  1534 | D:1      | 1534 ||| READING scroll labelled BIPINIE NE SEU.
  1535 | D:1      | 1535 ||| READING scroll labelled EJUJUO YSYOZ.
  1536 | D:1      | 1536 ||| DROPPING scroll of blinking.
  1571 | D:2      | 1571 ||| STAIRDANCE
  1581 | D:2      | 1581 ||| Stepping ~*~*~tactically~*~*~ (stealth).
  1653 | D:2      | Reached XP level 4. HP: 26/26 MP: 8/8
  1957 | D:2      | 1957 ||| Stepping ~*~*~tactically~*~*~ (stealth).
  1958 | D:2      | 1958 ||| Stepping ~*~*~tactically~*~*~ (stealth).
  1973 | D:2      | Reached skill level 5 in Axes
  2113 | D:2      | Noticed a black bear
  2118 | D:2      | Killed a black bear
  2119 | D:2      | Reached skill level 6 in Axes
  2119 | D:2      | Gained mutation: Your magical nature lets you fly swiftly
                  | and evasively. [Tengu growth]
  2119 | D:2      | Reached XP level 5. HP: 18/30 MP: 9/9
  2251 | D:2      | 2251 ||| UPGRADING to +3 scale mail.
  2261 | D:2      | 2261 ||| DROPPING +0 ring mail.
  2262 | D:2      | 2262 ||| UPGRADING to +0 chain mail.
  2272 | D:2      | 2272 ||| DROPPING +3 scale mail.
  2273 | D:2      | 2273 ||| DROPPING +6 ring of intelligence.
  2274 | D:2      | 2274 ||| READING scroll labelled NEUTEWKUAPS.
  2275 | D:2      | 2275 ||| DRINKING 2 fuming emerald potions.
  2276 | D:2      | 2276 ||| READING 4 scrolls of identify.
  2276 | D:2      | 2276 ||| IDENTIFYING white potion
  2277 | D:2      | 2277 ||| READING 3 scrolls of identify.
  2277 | D:2      | 2277 ||| IDENTIFYING inky potion
  2278 | D:2      | 2278 ||| READING 2 scrolls of identify.
  2278 | D:2      | 2278 ||| IDENTIFYING fizzy silvery potion
  2279 | D:2      | 2279 ||| DROPPING potion of ambrosia.
  2280 | D:2      | 2280 ||| DROPPING potion of magic.
  2593 | D:3      | 2593 ||| Stepping ~*~*~tactically~*~*~ (stealth).
  2602 | D:3      | 2602 ||| Stepping ~*~*~tactically~*~*~ (stealth).
  2603 | D:3      | 2603 ||| Stepping ~*~*~tactically~*~*~ (stealth).
  2682 | D:3      | 2682 ||| READING 2 scrolls of teleportation.
  2684 | D:3      | HP: 7/30 [acid (1)]
  2684 | D:3      | Splashed by a jelly's acid

Levels and vault maps discovered:
D:1:      amcnicky_arrival_feature_with_door, layout_loops_cross, serial_shops,
          shop, dreamdust_ecumenical_altar_angels_and_demons,
          grunt_decor_resistance, kennysheep_crisscross, minmay_pentomino_s4
D:2:      layout_basic, serial_curves, eino_curves_02, eino_curves_02,
          dreamdust_wishing_well, minmay_randomly_rotated_circles
D:3:      minmay_razor_zed, layout_loops_ring, general_overflow_altar,
          uniq_terence, uniq_grinder, uniq_sigmund

Skill      XL: |  1  2  3  4  5 |
---------------+----------------+-----
Axes           | 3 4 6 |  6.3
Armour         | 2 |  2.0
Fighting       | |  2.0
Throwing       | |  1.0
Dodging        | |  2.1
Spellcasting   | |  2.0
Translocations | |  2.4

Action                   |  1- 3 |  4- 6 || total
-------------------------+-------+-------++-------
Melee: Hand axe          |   107 |   101 ||   208
       Peck              |    14 |    16 ||    30
       Kick              |    28 |    27 ||    55
       Punch             |     4 |     2 ||     6
Throw: Boomerang         |     7 |       ||     7
  Use: Scroll            |     6 |     5 ||    11
       Potion            |       |     1 ||     1
Armor: Leather armour    |    12 |       ||    12
       Ring mail         |    14 |    22 ||    36
       Skin              |     1 |       ||     1
       Chain mail        |       |    24 ||    24
Dodge: Dodged            |    75 |    40 ||   115

Table legend:
 A = Non-vault XP
 B = Vault XP
 C = Vault XP percentage of total XP
 D = Non-vault monster count
 E = Vault monster count
 F = Vault count percentage of total count
                 A         B        C        D         E       F
            +---------+---------+-------+---------+---------+-------
      Total |     249 |      64 |  20.4 |      60 |      23 |  27.7
            +---------+---------+-------+---------+---------+-------
        D:1 |      67 |       6 |   8.2 |      33 |       4 |  10.8
        D:2 |     168 |      10 |   5.6 |      19 |       6 |  24.0
        D:3 |      14 |      48 |  77.4 |       8 |      13 |  61.9
            +---------+---------+-------+---------+---------+-------
